 Dungeon Crawl Stone Soup version 0.31-a0-986-g5e6e4ef867 (webtiles) character file.

Game seed: 15665841703703998534

221 croobank the Sneak (level 5, 0/43 HPs)
             Began as a Demonspawn Delver on Nov 3, 2023.
             Was a Believer of Ashenzari.
             Slain by an orc
             ... wielding a +0 hand axe
              (1 damage)
             ... on level 4 of the Dungeon.
             The game lasted 00:09:26 (3102 turns).

croobank the Sneak (Demonspawn Delver)              Turns: 3102, Time: 00:09:26

Health: 0/43       AC:  4    Str: 12    XL:     5   Next: 65%
Magic:  5/5        EV: 12    Int: 15    God:    Ashenzari [**....]
Gold:   194        SH:  0    Dex: 15    Spells: 4/4 levels left

rFire   . . .        a - +0 short sword of the Chained Sky {Cun, Self} (curse)
rCold   . . .        (no shield)
rNeg    . . .        b - +0 leather armour "Cursed Together" {Elem, Bglg} (curse)
rPois   .            (helmet restricted)
rElec   .            j - +0 cloak of Ashenzari's Burden {Self, Elem} (curse)
rCorr   .            (no gloves)
SInv    +            (no boots)
Will    .....        (no amulet)
Stlth   ++++         (no ring)
HPRegen 0.27/turn    (no ring)
MPRegen 0.09/turn

%: no passive effects
@: no status effects
A: horns 1, big brain 1
a: Renounce Religion, Curse Item, Shatter the Chains


You were on level 4 of the Dungeon.
You worshipped Ashenzari.
Ashenzari was pleased with you.
You visited 2 branches of the dungeon, and saw 7 of its levels.

You collected 194 gold pieces.

Inventory:

Hand Weapons
 a - the cursed +0 short sword of the Chained Sky (weapon) {Cun, Self}

   It has a curse which improves the following skills: Cunning: Dodging and
   Stealth.
   Introspection: Fighting and Spellcasting.
 d - a +0 dagger
Armour
 b - the cursed +0 leather armour "Cursed Together" (worn) {Elem, Bglg}

   It has a curse which improves the following skills: Elements: Fire Magic, Ice
   Magic, Air Magic and Earth Magic.
   Beguiling: Conjurations, Hexes and Translocations.
 j - the cursed +0 cloak of Ashenzari's Burden (worn) {Self, Elem}
   (You found it on level 2 of the Dungeon)

   It has a curse which improves the following skills: Introspection: Fighting
   and Spellcasting.
   Elements:  Fire Magic, Ice Magic, Air Magic and Earth Magic.
 q - a +0 ring mail
Talismans
 p - a flux talisman
Wands
 g - a wand of digging (3)
Scrolls
 c - 3 scrolls of fog
 f - a scroll of teleportation
 i - 3 scrolls of fear
 k - a scroll of revelation
 l - a scroll of torment
 m - a scroll of amnesia
 n - 3 scrolls of identify
Potions
 e - 3 potions of curing
 h - 2 potions of heal wounds
 o - a potion of mutation


   Skills:
 + Level 3.3(4.9) Fighting
 + Level 2.1 Short Blades
 + Level 2.2(3.1) Dodging
 + Level 6.5(7.7) Stealth
 + Level 0.3(1.0) Fire Magic
 + Level 0.4(1.1) Ice Magic
 + Level 0.3(1.0) Air Magic
 + Level 0.5(1.3) Earth Magic


You had 4 spell levels left.
You didn't know any spells.
Your spell library contained the following spells:

 Spells                   Type           Power      Damage    Failure   Level
 Apportation              Tloc           0%         N/A       32%         1
 Necrotise                Necr           0%         1d4       34%         1
 Summon Small Mammal      Summ           0%         N/A       34%         1


Dungeon Overview and Level Annotations

Branches:
Dungeon (6/15)             Temple (1/1) D:5

Altars:
Ashenzari
Fedhas
Gozag
Kikubaaqudgha
Makhleb
Nemelex Xobeh
Okawaru
Qazlal
Ru
Sif Muna
Trog
Uskayaw
Wu Jian
Xom
Yredelemnul


Innate Abilities, Weirdness & Mutations

You have a pair of small horns on your head.
You have an unusually large brain. (Int +2)


Message History

You see here a scroll of identify.
n - 3 scrolls of identify (gained 1)
The orc completely misses you. The orc hits you with a +0 hand axe.
The orc wizard hits you but does no damage.
You miss the orc wizard. The orc barely misses you.
The orc wizard hits you but does no damage.
You barely miss the orc wizard. Your headbutt misses the orc wizard.
The orc hits you with a +0 hand axe.
The orc wizard hits you with a +0 dagger.
You hit the orc wizard. Your headbutt misses the orc wizard.
The orc wizard is moderately wounded.
The orc hits you with a +0 hand axe.
The orc wizard hits you with a +0 dagger.
You hit the orc wizard.
The orc wizard is moderately wounded.
The orc barely misses you. The orc wizard casts a spell at you.
The magic dart hits you.
You hit the orc wizard.
The orc wizard is heavily wounded.
The orc barely misses you.
You barely miss the orc wizard.
The orc wizard is heavily wounded.
The orc wizard points at you and mumbles some strange words.
The magic dart hits you. The orc hits you but does no damage.
You hit the orc wizard but do no damage.
You headbutt the orc wizard.
The orc wizard is almost dead.
The orc wizard points at you and mumbles some strange words.
The puff of flame hits you!
* * * LOW HITPOINT WARNING * * *
The orc barely misses you.
You hit the orc wizard but do no damage.
The orc wizard is almost dead.
The orc wizard gestures at you while chanting.
The magic dart hits you.
* * * LOW HITPOINT WARNING * * *
The orc hits you with a +0 hand axe.
You die...

,,,,* *,,,.##...<.)......# ,,,,*
*,,.........#..#..###****
,,,,*****,,..##..............,,,,
,,,,,,,,,,,,,,#..............,,,*
,,,******,***,#...###.#......,,,*
,,,,,,,,,,***,#..............,,,*
,>,,,,,,,,,,*,#.#.###.#......,,,*
,,,,,,*,,...#.#.#.###.#!#####****
*,***,*,,......o@.....#,# # *,*
*,**+#......o.....#,* #
*,***,**,#....#.#.###.#,*******##
*,,,,,,,,.......#.#...........,,.
*****,,,,.............#.######***
********,#####...............####
,,,,,,,,,* *......####.####.....
,,,,,,,,,***#..#....###.##......#
,,,,,,,,,,,,,,......###........g.


You could see an orc wizard and an orc.

Vanquished Creatures
  2 hounds
  An orc wizard (D:4)
  6 adders
  A white imp (D:6)
  2 worms (D:2)
  3 orcs (D:3)
  8 endoplasms
  5 giant cockroaches
  7 goblins
  6 hobgoblins
  4 jackals
  A quokka (D:1)
  9 ball pythons
  A bat (D:1)
  4 frilled lizards
  7 kobolds
  A rat (D:3)
68 creatures vanquished.

Notes
Turn   | Place    | Note
-------+----------+-------------------------------------------
     0 | D:5      | croobank the Demonspawn Delver began the quest for the Orb.
     0 | D:5      | Reached XP level 1. HP: 18/18 MP: 1/1
     3 | D:5      | Found a staircase to the Ecumenical Temple.
    14 | Temple   | Entered the Ecumenical Temple
    86 | Temple   | Became a worshipper of Ashenzari the Shackled
   164 | D:5      | Noticed a hound
   289 | D:6      | Reached skill level 5 in Stealth
   289 | D:6      | Gained mutation: You have a pair of small horns on your
                  | head. [demonic ancestry]
   289 | D:6      | Reached XP level 2. HP: 24/24 MP: 2/2
   327 | D:6      | Reached XP level 3. HP: 9/29 MP: 3/3
   606 | D:3      | Reached skill level 6 in Stealth
   606 | D:3      | Gained mutation: You have an unusually large brain. (Int
                  | +2) [demonic ancestry]
   606 | D:3      | Reached XP level 4. HP: 26/35 MP: 4/4
  1188 | D:2      | Reached XP level 5. HP: 38/41 MP: 5/5
  1296 | D:1      | Reached * piety under Ashenzari
  1350 | D:1      | Found a faded altar of an unknown god.
  1961 | D:2      | Reached ** piety under Ashenzari
  2280 | D:3      | Found a shimmering altar of Xom.
  3102 | D:4      | HP: 1/43 [orc wizard/magic dart (5)]
  3102 | D:4      | Slain by an orc

Illustrated notes

Levels and vault maps discovered:
D:1:      tekkud_arrival_beachfront_property, layout_rooms,
          ebering_ecumenical_altar_ruins, nicolae_concentric_dashed_squares_mild
D:2:      layout_loops_ring
D:3:      layout_basic, amcnicky_altar_gilded, minmay_misc_feat_diagonals,
          dk_noncrumbling_2, grunt_ministairs_10
D:4:      layout_basic, cheibrodos_sewer_entry_bend, uniq_ijyb
D:5:      layout_basic, temple_fountains, uniq_blork_the_orc, uniq_grinder,
          uniq_edmund, uniq_crazy_yiuf_cottage, uniq_eustachio
D:6:      layout_basic
Temple:   minmay_temple_bridge_d

Skill      XL: |  1  2  3  4  5 |
---------------+----------------+-----
Stealth        | 5 6 |  6.5
Dodging        | 2 |  2.2
Short Blades   | 2 |  2.1
Fighting       | |  3.3
Fire Magic     | |  0.3
Ice Magic      | |  0.4
Air Magic      | |  0.3
Earth Magic    | |  0.5

Action                     |  1- 3 |  4- 6 || total
---------------------------+-------+-------++-------
  Melee: Short sword       |    50 |   204 ||   254
         Headbutt          |     7 |    34 ||    41
         Punch             |     1 |     2 ||     3
 Invoke: Curse Item        |       |     3 ||     3
    Use: Scroll            |     2 |       ||     2
         Potion            |     1 |       ||     1
   Stab: Sleeping          |     1 |    20 ||    21
 Armour: Leather armour    |    30 |    83 ||   113
  Dodge: Dodged            |    35 |   101 ||   136

Table legend: (Time is in decaauts)
 A = Elapsed time spent in this place.
 B = Non-inter-level travel time spent in this place.
 C = Inter-level travel time spent in this place.
 D = Time resting spent in this place.
 E = Time spent auto-exploring this place.
 F = Levels seen in this place.
 G = Mean time per level.
                   A        B        C        D        E       F      G
               +--------+--------+--------+--------+--------+-----+--------+
         Total |   3069 |   2778 |    291 |    485 |   1614 |   7 |  438.4 |
       Dungeon |   2924 |   2776 |    148 |    485 |   1614 |   6 |  487.3 |
        Temple |    144 |      1 |    143 |      0 |      0 |   1 |  144.0 |
               +--------+--------+--------+--------+--------+-----+--------+

Top non-repeatable levels by time:
     D:3: 1129 daAuts
     D:2: 772 daAuts
     D:1: 540 daAuts
     D:6: 273 daAuts
  Temple: 144 daAuts
     D:5: 141 daAuts
     D:4: 67 daAuts
